 Dungeon Crawl Stone Soup version 0.31-a0-1036-g31867e143a (webtiles) character file.

Game seed: 4117099767162110192

107 Jannitor the Sneak (level 4, -1/33 HPs)
             Began as an Octopode Delver on Nov 19, 2023.
             Slain by a phantom (5 damage)
             ... on level 2 of the Dungeon.
             The game lasted 00:03:19 (2177 turns).

Jannitor the Sneak (Octopode Delver)                Turns: 2177, Time: 00:03:20

Health: -1/33      AC:  1    Str: 11    XL:     4   Next: 85%
Magic:  4/4        EV: 14    Int: 12    God:
Gold:   1026       SH:  0    Dex: 15    Spells: 3/3 levels left

rFire   . . .        a - +0 spear
rCold   . . .        (no shield)
rNeg    . . .        (helmet restricted)
rPois   .            (no amulet)
rElec   .            (no ring)
rCorr   .            (no ring)
SInv    .            (no ring)
Will    .....        (no ring)
Stlth   +++++        (no ring)
HPRegen 0.25/turn    (no ring)
MPRegen 0.09/turn    (no ring)
                     (no ring)

%: no passive effects
@: no status effects
A: almost no armour, amphibious, 8 rings, camouflage 1, gelatinous body 1,
(nimble swimmer 1), tentacles
a: no special abilities


You were on level 2 of the Dungeon.
You visited 1 branch of the dungeon, and saw 5 of its levels.

You collected 1276 gold pieces.
You spent 250 gold pieces at shops.

Inventory:

Hand Weapons
 a - a +0 spear (weapon)
Missiles
 i - 5 silver javelins
Wands
 f - a wand of digging (2)
Scrolls
 b - a scroll of fog
 c - a scroll of revelation
 g - 2 scrolls of immolation
 j - a scroll of noise
 k - 2 scrolls of enchant armour
Potions
 d - a potion of enlightenment
 e - 2 potions of attraction


   Skills:
 + Level 3.7 Fighting
 + Level 2.9 Polearms
 + Level 2.9 Dodging
 + Level 7.3 Stealth


You had 3 spell levels left.
You didn't know any spells.
Your spell library was empty.

Dungeon Overview and Level Annotations

Branches:
Dungeon (5/15)
 Temple: D:4-7

Altars:
Zin

Shops:
D:1 ?

Annotations:
D:5 exclusions: hound, ice beast and jelly


Innate Abilities, Weirdness & Mutations

You cannot wear most types of armour.
You are amphibious.
You can wear up to eight rings at the same time.
Your skin changes colour to match your surroundings (Stealth+).
Your rubbery body absorbs attacks. (AC +1, EV +1)
((You are camouflaged when in or above water. (Stealth+)))
You have tentacles for arms and can constrict up to eight enemies at once.


Message History

Okay, then.
Unknown command.
Okay, then.
Unknown command.
You hit the phantom.
The phantom is moderately damaged.
The phantom hits you.
You hit the phantom.
The phantom is moderately damaged.
The phantom closely misses you.
You hit the phantom. Your squeeze misses the phantom.
The phantom is heavily damaged.
You closely miss the phantom.
The phantom is heavily damaged.
The phantom hits you.
* * * LOW HITPOINT WARNING * * *
The phantom blinks!
You blink.
You closely miss the phantom.
The phantom is heavily damaged.
The phantom hits you.
* * * LOW HITPOINT WARNING * * *
The phantom blinks!
You blink.
The dart slug launches a dart at you. The slug dart misses you.
The slug dart hits the phantom.
You closely miss the phantom. Your squeeze misses the phantom.
The phantom is severely damaged.
The phantom misses you.
You hit the phantom. Your squeeze misses the phantom.
The phantom is almost destroyed.
The phantom completely misses you.
You hit the phantom but do no damage.
The phantom is almost destroyed.
The phantom closely misses you.
You barely miss the phantom.
The phantom is almost destroyed.
The phantom misses you.
You hit the phantom. Your squeeze misses the phantom.
The phantom is almost destroyed.
The phantom hits you.
You die...

.### ####.## .# #..$..#
.# .# #.....# .#### .#
#.....##..... .#
#.......# ## #.......# #
#.......# #....W..#
#....@..# ##+#....#
#.#...<# #.#...w#
#######
#.#....###†......
########.#......§§......
#..............##.......
#.[............# .......
.#..........#...#
.......


You could see a phantom and a dart slug.

Vanquished Creatures
  2 hounds (D:5)
  2 adders
  A dart slug (D:1)
  2 orcs (D:5)
  3 bats
  An endoplasm (D:1)
  4 goblins (D:1)
  3 hobgoblins
  A jackal (D:1)
  A quokka (D:5)
  2 frilled lizards (D:1)
  A kobold (D:3)
  A rat (D:1)
24 creatures vanquished.

Notes
Turn   | Place    | Note
-------+----------+-------------------------------------------
     0 | D:5      | Jannitor the Octopode Delver began the quest for the Orb.
     0 | D:5      | Reached XP level 1. HP: 16/16 MP: 1/1
    53 | D:5      | Noticed a jelly
   100 | D:5      | Noticed an ice beast
   164 | D:5      | Noticed a hound
   191 | D:5      | Noticed a hound
   342 | D:5      | Killed a hound
   343 | D:5      | Reached skill level 7 in Stealth
   343 | D:5      | Reached XP level 2. HP: 3/21 MP: 2/2
   343 | D:5      | Reached XP level 3. HP: 4/26 MP: 3/3
   547 | D:5      | Identified the +0 leather armour of Hepliaklqana's Pride
                  | {Rampage Int-5 Dex-3 SInv}
   561 | D:5      | Reached XP level 4. HP: 7/31 MP: 4/4
   779 | D:5      | Found a glowing silver altar of Zin.
  1500 | D:1      | Found a transporter.
  1503 | D:1      | Found Haly's Magic Scroll Shoppe.
  1534 | D:1      | Found a transporter.
  1539 | D:1      | Bought a scroll of identify for 20 gold pieces
  1539 | D:1      | Identified a scroll of acquirement
  1541 | D:1      | Acquired 1073 gold pieces
  1543 | D:1      | Bought a scroll of immolation for 40 gold pieces
  1543 | D:1      | Bought a scroll of identify for 20 gold pieces
  1543 | D:1      | Bought a scroll of enchant armour for 75 gold pieces
  1543 | D:1      | Bought a scroll of identify for 20 gold pieces
  1543 | D:1      | Bought a scroll of enchant armour for 75 gold pieces
  2155 | D:2      | Noticed a phantom
  2177 | D:2      | Slain by a phantom

Illustrated notes

Levels and vault maps discovered:
D:1:      dpeg_arrival_brainrot, layout_loops_corners, serial_shops,
          nicolae_shop_drivethru
D:2:      layout_basic, basic_altar
D:3:      layout_loops_ring, grunt_temple_overflow_open, pf_guarded_unrand_meek
D:4:      lemuel_castle_with_subvaults [lemuel_castle_interior_original],
          layout_rooms, pdpol_wu_jian_five_deadly_venoms
D:5:      kennysheep_spiral_hall, layout_loops_corners, zin_treasury,
          serial_shops, shop

Skill      XL: |  1 |
---------------+----+-----
Stealth        | 7 |  7.3
Fighting       | |  3.7
Polearms       | |  2.9
Dodging        | |  2.9

Action                     |  1- 3 |  4- 6 || total
---------------------------+-------+-------++-------
  Melee: Spear             |    25 |    64 ||    89
         Tentacles         |     3 |     8 ||    11
         Constrict         |     4 |     4 ||     8
         Punch             |     1 |       ||     1
  Evoke: Wand              |       |     1 ||     1
    Use: Potion            |     1 |       ||     1
         Scroll            |       |     6 ||     6
   Stab: Sleeping          |     1 |    12 ||    13
 Armour: Skin              |    15 |    15 ||    30
  Dodge: Dodged            |    13 |    28 ||    41

Table legend: (Time is in decaauts)
 A = Elapsed time spent in this place.
 B = Non-inter-level travel time spent in this place.
 C = Inter-level travel time spent in this place.
 D = Time resting spent in this place.
 E = Time spent auto-exploring this place.
 F = Levels seen in this place.
 G = Mean time per level.
                   A        B        C        D        E       F      G
               +--------+--------+--------+--------+--------+-----+--------+
         Total |   2154 |   2076 |     78 |    344 |   1412 |   5 |  430.8 |
       Dungeon |   2154 |   2076 |     78 |    344 |   1412 |   5 |  430.8 |
               +--------+--------+--------+--------+--------+-----+--------+

Top non-repeatable levels by time:
     D:1: 1036 daAuts
     D:5: 930 daAuts
     D:2: 143 daAuts
     D:3: 34 daAuts
     D:4: 8 daAuts
